 Dungeon Crawl Stone Soup version 0.23.2-40-g277498a001 (webtiles) character file.

Game seed: 1273481693318506654

270 MalarOregon the Poker (level 6, -4/49 HPs)
             Began as a Merfolk Gladiator on Aug 26, 2019.
             Was a Follower of Nemelex Xobeh.
             Slain by a gnoll
             ... wielding a +0 flail
              (6 damage)
             ... on level 4 of the Dungeon on Aug 27, 2019.
             The game lasted 00:05:01 (2381 turns).

MalarOregon the Poker (Merfolk Gladiator)           Turns: 2381, Time: 00:05:02

Health: -4/49      AC:  7    Str: 14    XL:     6   Next: 22%
Magic:  6/6        EV: 12    Int:  9    God:    Nemelex Xobeh [*.....]
Gold:   117        SH:  0    Dex: 16    Spells: 5/5 levels left

rFire    . . .     SeeInvis .   a - +0 trident
rCold    . . .     Gourm    .   (no shield)
rNeg     . . .     Faith    .   k - +0 scale mail
rPois    .         Spirit   .   c - +0 helmet
rElec    .         Reflect  .   (no cloak)
rCorr    .         Harm     .   (no gloves)
MR       .....                  (no boots)
Stlth    ..........             (no amulet)
HPRegen  0.16/turn              (no ring)
MPRegen  0.10/turn              (no ring)

@: no status effects
A: change form in water, swift swim, stealthy swim
a: Draw Escape, Draw Destruction, Draw Summoning, Renounce Religion


You were on level 4 of the Dungeon.
You worshipped Nemelex Xobeh.
Nemelex Xobeh was aware of your devotion.
You were not hungry.

You visited 1 branch of the dungeon, and saw 4 of its levels.

You collected 117 gold pieces.

Inventory:

Hand Weapons
 a - a +0 trident (weapon)
Missiles
 d - 3 throwing nets (quivered) {!f}
Armour
 c - a +0 helmet (worn)
 k - a +0 scale mail (worn)
   (You found it on level 1 of the Dungeon)
Scrolls
 b - a scroll of fear {unknown}
 f - a scroll of identify {unknown}
 g - 4 scrolls of enchant armour {unknown}
 h - a scroll of magic mapping {unknown}
 i - 2 scrolls of teleportation {unknown}
 m - a scroll of blinking {unknown}
 n - a scroll of amnesia {unknown}
 p - 2 scrolls of remove curse {unknown}
Potions
 j - a potion of might {unknown}
 l - a potion of haste {unknown}
 o - a potion of cancellation {unknown}
Comestibles
 e - 9 rations {!d}
 q - a chunk of flesh


   Skills:
 + Level 4.4 Fighting
 + Level 6.6 Polearms
 - Level 2.0 Throwing
 + Level 6.1 Dodging


You had 5 spell levels left.
You didn't know any spells.
Your spell library was empty.

Dungeon Overview and Level Annotations

Branches:
Dungeon (4/15)
 Temple: D:4-7

Altars:
Gozag
Kikubaaqudgha
Nemelex Xobeh
Wu Jian
Zin

Annotations:
D:3 Sigmund


Message History

You puncture the gnoll! The gnoll completely misses you.
You hit the gnoll.
You kill the gnoll!
You closely miss the leopard gecko. The leopard gecko barely misses you.
You closely miss the leopard gecko.
The leopard gecko bites you but does no damage. x2
You miss the leopard gecko.
The leopard gecko bites you but does no damage.
You hit the leopard gecko. The leopard gecko closely misses you.
You barely miss the leopard gecko. The leopard gecko bites you.
You miss the leopard gecko. The leopard gecko bites you.
You hit the leopard gecko. The leopard gecko barely misses you. x2
You closely miss the leopard gecko. The leopard gecko misses you.
You puncture the leopard gecko!
You kill the leopard gecko!
You closely miss the hobgoblin. The hobgoblin misses you.
You hit the hobgoblin.
The hobgoblin hits you but does no damage.
You puncture the hobgoblin!
You kill the hobgoblin!
You hit the gnoll. You barely miss the gnoll.
The gnoll throws a throwing net.
The throwing net hits you.
You become entangled in the net!
The gnoll hits you.
You are held in a net!
You struggle against the net.
The gnoll hits you.
You struggle against the net.
The gnoll hits you with a +0 flail! The gnoll hits you but does no damage.
You struggle against the net.
The gnoll completely misses you. The gnoll hits you.
You rip the net and break free!
The gnoll barely misses you. The gnoll closely misses you. The gnoll hits you!
* * * LOW HITPOINT WARNING * * *
You climb downwards.
There is a stone staircase leading up here.
Unknown command.
You closely miss the gnoll. The gnoll hits you with a +0 flail.
* * * LOW HITPOINT WARNING * * *
The gnoll hits you but does no damage.
You hit the gnoll. The gnoll barely misses you. The gnoll hits you.
* * * LOW HITPOINT WARNING * * *
You hit the gnoll. The gnoll completely misses you.
You hit the gnoll but do no damage. The gnoll hits you.
* * * LOW HITPOINT WARNING * * *
The gnoll misses you.
You hit the gnoll. The gnoll hits you.
* * * LOW HITPOINT WARNING * * *
You hit the gnoll. The gnoll hits you with a +0 flail.
You die...
Your body disappears without a glow.

....##.........##....#
....#.........##..###
_..............#...#.
#.......#..##....
##............#.#
##.......##...##.#
..######....#.#..########
#......gg##..##...#
###....#@.##......#
##.#####.##....## #
#.##..## #.#### ##


You could see 2 gnolls.

Vanquished Creatures
  2 vampire bats (D:2)
  Robin (D:4)
  5 gnolls
  3 adders (D:2)
  A worm (D:2)
  4 dart slugs
  2 leopard geckos
  An orc (D:3)
  6 bats
  3 bat skeletons (D:2)
  3 bat zombies (D:2)
  2 giant cockroaches (D:2)
  12 goblins
  10 hobgoblins
  16 jackals
  2 ball pythons
  3 frilled lizards
  4 kobolds
  4 rats
84 creatures vanquished.

Notes
Turn   | Place    | Note
-------+----------+-------------------------------------------
     0 | D:1      | MalarOregon the Merfolk Gladiator began the quest for the
                  | Orb.
     0 | D:1      | Reached XP level 1. HP: 16/16 MP: 1/1
    46 | D:1      | Reached XP level 2. HP: 18/23 MP: 2/2
   246 | D:1      | Reached skill level 5 in Polearms
   246 | D:1      | Reached XP level 3. HP: 28/28 MP: 3/3
   740 | D:2      | Found a glowing silver altar of Zin.
   759 | D:2      | Found a sparkling altar of Nemelex Xobeh.
   759 | D:2      | Found an opulent altar of Gozag.
   787 | D:2      | Reached XP level 4. HP: 25/35 MP: 4/4
   854 | D:2      | Became a worshipper of Nemelex Xobeh the Trickster
   912 | D:2      | Reached skill level 5 in Dodging
  1202 | D:2      | Received a gift from Nemelex Xobeh
  1242 | D:2      | Reached XP level 5. HP: 38/41 MP: 5/5
  1687 | D:2      | Found an ancient bone altar of Kikubaaqudgha.
  1867 | D:3      | Reached XP level 6. HP: 48/48 MP: 6/6
  1886 | D:3      | Reached * piety under Nemelex Xobeh
  1925 | D:3      | Noticed Sigmund
  2125 | D:4      | Found an ornate altar of the Wu Jian Council.
  2133 | D:3      | Noticed Robin
  2303 | D:4      | Killed Robin
  2380 | D:4      | HP: 2/49 [gnoll (6)]
  2381 | D:4      | Slain by a gnoll

Skill      XL: |  1  2  3  4  5  6 |
---------------+-------------------+-----
Polearms       | 5 6 |  6.6
Fighting       | 3 4 |  4.4
Dodging        | 5 6 |  6.1
Throwing       | |  2.0

Action                   |  1- 3 |  4- 6 || total
-------------------------+-------+-------++-------
Melee: Trident           |    92 |   194 ||   286
 Stab: Sleeping          |     2 |       ||     2
  Eat: Chunk             |       |     5 ||     5
Armor: Leather armour    |     9 |       ||     9
       Scale mail        |    10 |    79 ||    89
Dodge: Dodged            |    52 |   131 ||   183
